 Dungeon Crawl Stone Soup version 0.31-a0-1616-gbeaec30b81 (webtiles) character file.

Game seed: 12828356422650383776

370 HoaS the Shooter (level 6, 0/35 HPs)
             Began as a Gargoyle Hunter on Jan 10, 2024.
             Was an Initiate of Elyvilon.
             Incinerated by a bombardier beetle (6 damage)
             ... with a burning spray
             ... on level 4 of the Dungeon.
             The game lasted 00:09:11 (2896 turns).

HoaS the Shooter (Gargoyle Hunter)                  Turns: 2896, Time: 00:09:11

Health: 0/35       AC: 13    Str: 14    XL:     6   Next: 70%
Magic:  6/6        EV: 10    Int: 10    God:    Elyvilon [......]
Gold:   146        SH:  0    Dex: 15    Spells: 5/5 levels left

rFire   . . .        a - +1 shortbow
rCold   . . .        (shield currently unavailable)
rNeg    + . .        h - +4 ring mail of Wuged {Fly}
rPois   ∞            (no helmet)
rElec   +            (no cloak)
rCorr   .            (no gloves)
SInv    +            (no boots)
Will    .....        (no amulet)
Stlth   +            d - ring of see invisible
HPRegen 0.25/turn    (no ring)
MPRegen 0.10/turn

%: no passive effects
@: on fire, flying, glowing
A: sickness immunity, AC +4, negative energy resistance 1, electricity
resistance, torment resistance 1, petrification resistance
a: Renounce Religion


You were on level 4 of the Dungeon.
You worshipped Elyvilon.
Elyvilon was noncommittal.
You visited 2 branches of the dungeon, and saw 5 of its levels.

You collected 146 gold pieces.

Inventory:

Hand Weapons
 a - a +1 shortbow (weapon)
Armour
 h - the +4 ring mail of Wuged (worn) {Fly}
   (You found it on level 2 of the Dungeon)

   Fly:       It grants you flight.
Jewellery
 d - a ring of see invisible (left hand)
Wands
 i - a wand of iceblast (8)
 j - a wand of digging (9)
Scrolls
 b - a scroll of butterflies
 g - a scroll of amnesia
 k - a scroll of identify
Potions
 c - a potion of enlightenment
 e - a potion of heal wounds
 f - 4 potions of haste
 l - a potion of curing {unknown}


   Skills:
 - Level 2.1 Fighting
 * Level 7.8 Ranged Weapons
 - Level 1.5 Dodging
 - Level 1.1 Stealth
 + Level 0.0 Invocations


You had 5 spell levels left.
You didn't know any spells.
Your spell library contained the following spells:

 Spells                   Type           Power      Damage    Failure   Level
 Jinxbite                 Hex            0%         N/A       75%         2
 Scorch                   Fire           0%         2d5       75%         2
 Flame Wave               Conj/Fire      0%         2d4       100%        4
 Yara's Violent Unravell  Hex/Alch       0%         3d3       100%        5
 Summon Cactus Giant      Summ           0%         N/A       100%        6
 Enfeeble                 Hex            0%         N/A       100%        7


Dungeon Overview and Level Annotations

Branches:
Dungeon (4/15)             Temple (1/1) D:4

Altars:
Ashenzari
Dithmenos
Elyvilon
Fedhas
Kikubaaqudgha
Makhleb
Sif Muna
Xom
The Shining One


Innate Abilities, Weirdness & Mutations

You are immune to sickness and miasma.
Your stone body is resilient. (AC +4)
You are immune to poison.
You resist negative energy. (rN+)
You are resistant to electric shocks. (rElec)
You are resistant to unholy torment.
You are immune to petrification.


Message History

You kill the hobgoblin!
No target in view!
You see here a hobgoblin corpse.
You shoot an arrow. The arrow hits the endoplasm.
You kill the endoplasm!
l - a bubbling amethyst potion
f - 4 potions of haste (gained 1)
A bombardier beetle comes into view.
You shoot an arrow.
The arrow barely misses the bombardier beetle.
No target in view!
The bombardier beetle sprays incendiary fluid at you.
The burning spray hits you.
You are covered in liquid fire!
You shoot an arrow.
The arrow hits the bombardier beetle but does no damage.
The liquid fire burns you!
You shoot an arrow.
The arrow barely misses the bombardier beetle.
The liquid fire burns you!
You shoot an arrow. The arrow hits the bombardier beetle.
The bombardier beetle is lightly wounded.
The liquid fire burns you!
You shoot an arrow.
The arrow closely misses the bombardier beetle.
The liquid fire burns you!
You shoot an arrow. The arrow hits the bombardier beetle.
The bombardier beetle is moderately wounded.
The liquid fire burns you! The bombardier beetle bites you.
You are too injured to fight recklessly!
You are too injured to fight recklessly!
You shoot an arrow. The arrow hits the bombardier beetle.
The bombardier beetle is heavily wounded.
The liquid fire burns you!
* * * LOW HITPOINT WARNING * * *
You shoot an arrow.
The arrow closely misses the bombardier beetle.
The liquid fire burns you!
You die...

.#.#.#.#...##.### #...........##
[#.#.#....###.######...#......###
.....................####......##
........#...........## ##........
#####...#..........#####.......#.
#.#>#........................
#.#.#.#####<...######.....##.
#.#.#.#*#....###*** ########.
#.#...##..##@#,,,,* #.
*#.#......**#.B....# #.
****..#...#,,,,.......# #.
*,,,.##*,,,,**####....# #.
*,,,,,,,,,*** *##### #.
*,,******,* #. **** *,* ## *,*
***


You could see a bombardier beetle.

Vanquished Creatures
  A scorpion (D:4)
  A hound (D:4)
  An iguana (D:4)
  2 orc wizards
  8 adders
  4 gnolls (D:4)
  A dart slug (D:1)
  2 ribbon worms (D:2)
  3 orcs
  12 endoplasms
  A giant cockroach (D:4)
  6 goblins
  6 hobgoblins
  7 jackals
  8 kobolds
  5 quokkas
  12 ball pythons
  4 bats
  6 frilled lizards
  4 rats
94 creatures vanquished.

Notes
Turn   | Place    | Note
-------+----------+-------------------------------------------
     0 | D:1      | HoaS the Gargoyle Hunter began the quest for the Orb.
     0 | D:1      | Reached XP level 1. HP: 12/12 MP: 1/1
   139 | D:1      | Reached XP level 2. HP: 13/17 MP: 2/2
   400 | D:1      | Reached XP level 3. HP: 20/21 MP: 3/3
   423 | D:1      | Reached skill level 5 in Ranged Weapons
   924 | D:2      | Identified the +8 mace of Dasonise {antimagic, rF+ Will+++}
   993 | D:2      | Found a faded altar of an unknown god.
  1010 | D:2      | Identified the +4 ring mail of Wuged {Fly}
  1044 | D:2      | Reached XP level 4. HP: 26/26 MP: 4/4
  1472 | D:3      | Found a broken altar of Ashenzari.
  1822 | D:3      | Reached skill level 6 in Ranged Weapons
  2023 | D:3      | Reached XP level 5. HP: 30/30 MP: 5/5
  2576 | D:4      | Reached skill level 7 in Ranged Weapons
  2581 | D:4      | Reached XP level 6. HP: 31/35 MP: 6/6
  2712 | D:4      | Found a staircase to the Ecumenical Temple.
  2718 | Temple   | Entered the Ecumenical Temple
  2779 | Temple   | Became a worshipper of Elyvilon the Healer
  2896 | D:4      | Incinerated by a bombardier beetle

Illustrated notes

Levels and vault maps discovered:
D:1:      lightli_arrival_lavapool, layout_loops_ring, minmay_liquid_box,
          st_stairs_6
D:2:      layout_basic, hellmonk_ecumenical_altar_arch_garden
D:3:      layout_loops_ring, mainiacjoe_overflow_paths, minmay_puff
D:4:      layout_rooms, minmay_temple_entry_ruins, minmay_misc_feat_rows
Temple:   nicolae_temple_two_arcs

Skill      XL: |  1  2  3  4  5 |
---------------+----------------+-----
Ranged Weapons | 5 6 7 |  7.8
Fighting       | |  2.1
Dodging        | |  1.5
Stealth        | |  1.1

Action                     |  1- 3 |  4- 6 || total
---------------------------+-------+-------++-------
  Melee: Shortbow          |       |     4 ||     4
   Fire: Shortbow          |   130 |   190 ||   320
    Use: Scroll            |     2 |     6 ||     8
 Armour: Leather armour    |    36 |       ||    36
         Ring mail         |     1 |    94 ||    95
  Dodge: Dodged            |    28 |    81 ||   109

Table legend: (Time is in decaauts)
 A = Elapsed time spent in this place.
 B = Non-inter-level travel time spent in this place.
 C = Inter-level travel time spent in this place.
 D = Time resting spent in this place.
 E = Time spent auto-exploring this place.
 F = Levels seen in this place.
 G = Mean time per level.
                   A        B        C        D        E       F      G
               +--------+--------+--------+--------+--------+-----+--------+
         Total |   2962 |   2875 |     87 |     92 |   2087 |   5 |  592.4 |
       Dungeon |   2891 |   2804 |     87 |     92 |   2087 |   4 |  722.8 |
        Temple |     70 |     70 |      0 |      0 |      0 |   1 |   70.0 |
               +--------+--------+--------+--------+--------+-----+--------+

Top non-repeatable levels by time:
     D:3: 965 daAuts
     D:1: 843 daAuts
     D:2: 634 daAuts
     D:4: 447 daAuts
  Temple: 70 daAuts
